 Dungeon Crawl Stone Soup version 0.21-a0-414-gba8bdf1 (webtiles) character file.

268 sagitran the Chucker (level 6, -11/61 HPs)
             Began as an Ogre Hunter on Nov 2, 2017.
             Mangled by anet's ghost (14 damage)
             ... on level 3 of the Dungeon.
             The game lasted 00:11:48 (3380 turns).

sagitran the Chucker (Ogre Hunter)                  Turns: 3380, Time: 00:11:49

Health: -11/61     AC:  4    Str: 17    XL:     6   Next: 21%
Magic:  6/6        EV: 10    Int: 14    God:
Gold:   129        SH:  0    Dex: 11    Spells: 5/5 levels left

rFire    . . .     SeeInvis .   l - +1 whip (venom)
rCold    . . .     Gourm    .   (no shield)
rNeg     . . .     Faith    .   b - +0 robe
rPois    .         Spirit   .   (helmet restricted)
rElec    .         Reflect  .   r - +0 cloak
rCorr    .         Harm     .   (gloves unavailable)
MR       .....     Rnd*Rage +   (boots unavailable)
Stlth    ++........             (no amulet)
HPRegen  0.20/turn              (no ring)
MPRegen  0.10/turn              (no ring)

@: no status effects
A: unfitting armour, talons 1, berserk 1, clever 1, tough skin 1
a: no special abilities


You were on level 3 of the Dungeon.
You were not hungry.

You visited 1 branch of the dungeon, and saw 3 of its levels.

You collected 129 gold pieces.

Inventory:

Hand Weapons
 a - a +0 short sword
 l - a +1 whip of venom (weapon)
 u - a +0 giant club
Missiles
 d - 2 throwing nets (quivered)
Armour
 b - a +0 robe (worn)
 r - a +0 cloak (worn)
Scrolls
 h - a scroll of enchant weapon
 t - a scroll of teleportation
Potions
 g - 2 potions of curing {unknown}
 i - a potion of flight {unknown}
 j - 3 potions of resistance {unknown}
 m - a potion of agility {unknown}
 n - a potion of heal wounds {unknown}
Comestibles
 f - 4 bread rations
 k - 3 meat rations
 q - 7 fruits


   Skills:
 + Level 3.5 Fighting
 + Level 1.0 Short Blades
 * Level 3.4 Maces & Flails
 + Level 4.9 Throwing
 + Level 2.2 Dodging
 + Level 1.5 Stealth


You had 5 spell levels left.
You didn't know any spells.

Dungeon Overview and Level Annotations

Branches:
Dungeon (3/15)

Altars:

Annotations:
D:3 anet's ghost, amateur MiFi


Innate Abilities, Weirdness & Mutations

You are too large for most types of armour.
You have tough skin. (AC +1)
You have sharp toenails.
You tend to lose your temper in combat.
Your mind is acute. (Int +2)


Message History

Anet's ghost hits you.
You hit anet's ghost. You claw anet's ghost.
Anet's ghost is almost destroyed.
Anet's ghost hits you!
Throwing (i - inventory. (,) - cycle):
c - 2 large rocks (quivered)
Press: ? - help, Shift-Dir - straight line, f/p - anet's ghost
Aim: anet's ghost (almost destroyed)
You throw a large rock.
The large rock barely misses anet's ghost.
Anet's ghost hits you!
* * * LOW HITPOINT WARNING * * *
Throwing (i - inventory. (,) - cycle):
c - a large rock (quivered)
Press: ? - help, Shift-Dir - straight line, f/p - anet's ghost
Aim: anet's ghost (almost destroyed)
You throw a large rock.
The large rock barely misses anet's ghost.
Anet's ghost hits you!
* * * LOW HITPOINT WARNING * * *
Anet's ghost hits you!
You die...

######.#.#.......#######.....
#.#.#..(................
########.#.........#######.....
#.)........#.......#### #.....
#..........#..........# #.....
#.....................# #.....
#...................[.# #.....
#.............W..#....# #.....
#.............@..#....# ###...
#######..........#....# #...
#..........###### #...
####.......# #... #.......#
#### #.......# #.......#
#.......# #########


You could see anet's ghost.

Vanquished Creatures
  An ogre (D:3)
  Crazy Yiuf (D:2)
  Natasha (thrice) (D:3 D:2)
  An adder (D:3)
  2 oozes
  3 worms (D:3)
  3 leopard geckos
  3 orcs (D:3)
  6 bats
  2 giant cockroaches
  6 goblins
  5 hobgoblins
  3 jackals (D:3)
  4 kobolds
  A quokka (D:3)
  A ball python (D:1)
  5 frilled lizards
  6 rats
56 creatures vanquished.

Notes
Turn   | Place    | Note
-------+----------+-------------------------------------------
     0 | D:1      | sagitran the Ogre Hunter began the quest for the Orb.
     0 | D:1      | Reached XP level 1. HP: 22/22 MP: 1/1
   242 | D:1      | Reached XP level 2. HP: 29/29 MP: 2/2
   709 | D:1      | Reached XP level 3. HP: 35/36 MP: 3/3
  1072 | D:2      | Reached skill level 1 in Maces & Flails
  1247 | D:2      | Found a runed door.
  1251 | D:2      | Noticed Crazy Yiuf
  1254 | D:2      | Killed Crazy Yiuf
  1254 | D:2      | Reached XP level 4. HP: 36/44 MP: 4/4
  1423 | D:3      | Noticed Natasha
  1424 | D:3      | Noticed anet's ghost (amateur MiFi)
  1446 | D:3      | Killed Natasha
  1446 | D:3      | Reached skill level 1 in Short Blades
  1681 | D:3      | Noticed Natasha
  1875 | D:3      | Reached skill level 1 in Stealth
  1875 | D:3      | Reached XP level 5. HP: 43/53 MP: 5/5
  1919 | D:3      | Noticed an ogre
  1932 | D:3      | Killed an ogre
  2659 | D:3      | Killed Natasha
  2659 | D:3      | Reached XP level 6. HP: 49/61 MP: 6/6
  2681 | D:3      | Noticed Natasha
  2696 | D:2      | Killed Natasha
  2864 | D:2      | Gained mutation: Your mind is acute. (Int +2) [potion of mutation]
  2864 | D:2      | Gained mutation: You tend to lose your temper in combat. [potion of mutation]
  2864 | D:2      | Gained mutation: You have sharp toenails. [potion of mutation]
  3380 | D:3      | HP: 3/61 [anet's ghost (10)]
  3380 | D:3      | Mangled by anet's ghost

Vault maps used:
D:1:      ncdulo_halloftheorcs
D:2:      corexii_leaking_fountain, uniq_crazy_yiuf_cottage
D:3:      uniq_natasha

Skill      XL: |  1  2  3  4  5 |
---------------+----------------+-----
Maces & Flails | 1 2 3 |  3.4
Dodging        | 2 |  2.2
Fighting       | 3 |  3.5
Short Blades   | 1 |  1.0
Stealth        | 1 |  1.5
Throwing       | |  4.9

Action                   |  1- 3 |  4- 6 || total
-------------------------+-------+-------++-------
Melee: Short sword       |    18 |       ||    18
       Whip              |    60 |   155 ||   215
       Kick              |       |    15 ||    15
Throw: Large rock        |     2 |     8 ||    10
  Use: Scroll            |       |     6 ||     6
       Potion            |       |     1 ||     1
 Stab: Sleeping          |       |     1 ||     1
  Eat: Chunk             |     1 |     1 ||     2
       Meat ration       |       |     1 ||     1
       Royal jelly       |       |     1 ||     1
Armor: Robe              |    38 |    30 ||    68
Dodge: Dodged            |    64 |    72 ||   136

Table legend:
 A = Spawn XP
 B = Non-spawn XP
 C = Spawn XP percentage of total XP
 D = Spawn monster count
 E = Non-spawn monster count
 F = Spawn count percentage of total count
 G = Total turns spent on level
                    A         B        C        D         E        F      G
               +---------+---------+-------+---------+---------+-------+---------
         Total |       0 |     383 |   0.0 |       0 |      56 |   0.0 |  3380
               +---------+---------+-------+---------+---------+-------+---------
           D:1 |       0 |      36 |   0.0 |       0 |      19 |   0.0 |   937
           D:2 |       0 |      86 |   0.0 |       0 |       8 |   0.0 |  1289
           D:3 |       0 |     261 |   0.0 |       0 |      29 |   0.0 |  1154
               +---------+---------+-------+---------+---------+-------+---------
